 Dungeon Crawl Stone Soup version 0.29-a0-1027-gcd8c55af63 (webtiles) character file.

Game seed: 18216861554179336284

1782 quixfox the Conjurer (level 8, -12/57 HPs)
             Began as a Demonspawn Conjurer on Aug 12, 2022.
             Was an Initiate of Vehumet.
             Mangled by a cyclops (21 damage)
             ... on level 7 of the Dungeon.
             The game lasted 00:46:54 (8976 turns).

quixfox the Conjurer (Demonspawn Conjurer)          Turns: 8976, Time: 00:46:54

Health: -12/57     AC: 12    Str:  7    XL:     8   Next: 81%
Magic:  14/17      EV: 12    Int: 21    God:    Vehumet [......]
Gold:   160        SH:  0    Dex: 16    Spells: 12/19 levels left

rFire   . . .      SeeInvis .   k - +12 dagger "Kec Qour" {protect, Fragile rCorr Dex+3}
rCold   . . .      Faith    .   (no shield)
rNeg    . . .      Spirit   .   e - +1 animal skin
rPois   .          Reflect  .   m - +1 helmet
rElec   .          Harm     .   (no cloak)
rCorr   +          Rampage  .   s - +0 pair of gloves
Will    .....                   (no boots)
Stlth   ++........              (no amulet)
HPRegen 0.19/turn               v - ring of resist corrosion
MPRegen 0.15/turn               t - ring of wizardry

@: sanguine armoured, hasted, very quick
A: claws 2, foul stench 1, sanguine armour 1, demonic magic 2
a: Renounce Religion


You were on level 7 of the Dungeon.
You worshipped Vehumet.
Vehumet was noncommittal.
You visited 2 branches of the dungeon, and saw 8 of its levels.
You also visited: Sewer.

You collected 399 gold pieces.
You spent 239 gold pieces at shops.

Inventory:

Hand Weapons
 k - the +12 dagger "Kec Qour" (weapon) {protect, Fragile rCorr Dex+3}
   (You found it on level 2 of the Dungeon)

   It grants its wielder temporary protection when it strikes (+7 to AC).
   Dex:       It affects your dexterity (+3).
   rCorr:     It protects you from acid and corrosion.
   Fragile:   It will be destroyed if unequipped.
Armour
 e - a +1 animal skin (worn)
 m - a +1 helmet (worn)
 o - the +0 ring mail of Xucwomyaqeo {rElec rPois Will+ SInv}
   (You found it on level 7 of the Dungeon)

   rElec:     It insulates you from electricity.
   rPois:     It protects you from poison.
   SInv:      It lets you see invisible.
   Will:      It increases your willpower.
 s - a +0 pair of gloves (worn)
Jewellery
 t - a ring of wizardry (right hand)
 v - a ring of resist corrosion (left hand)
Wands
 d - a wand of roots (9)
 f - a wand of charming (6)
 q - a wand of digging (10)
Scrolls
 a - a scroll of butterflies
 g - 2 scrolls of amnesia
 l - 3 scrolls of teleportation
Potions
 b - 6 potions of magic
 c - 5 potions of curing
 h - a potion of might
 i - 2 potions of resistance
 j - 5 potions of mutation {unknown}
 n - a potion of brilliance {unknown}
 p - 3 potions of haste
 r - 2 potions of heal wounds {unknown}
 u - 2 potions of invisibility {unknown}


   Skills:
 + Level 2.6 Fighting
 + Level 0.1 Armour
 - Level 2.2 Dodging
 - Level 1.7 Stealth
 + Level 6.2 Spellcasting
 + Level 7.5 Conjurations
 + Level 0.2 Transmutations
 + Level 5.2 Earth Magic


You had 12 spell levels left.
You knew the following spells:

 Your Spells              Type           Power      Damage    Failure   Level
a - Magic Dart            Conj           100%       1d8       1%          1
b - Sandblast             Erth           56%        2d13      1%          1
c - Irradiate             Conj/Tmut      11%        3d15      21%         5

Your spell library contained the following spells:

 Spells                   Type           Power      Damage    Failure   Level
 Passwall                 Tmut/Erth      15%        N/A       1%          2
 Searing Ray              Conj           76%        2d7       1%          2
 Static Discharge         Conj/Air       22%        3-6/arc   1%          2
 Stone Arrow              Conj/Erth      66%        3d11      1%          3
 Dazzling Flash           Conj/Hex       44%        N/A       2%          3
 Beastly Appendage        Tmut           14%        N/A       3%          1
 Mephitic Cloud           Conj/Pois/Air  17%        N/A       4%          3
 Wereblood                Tmut           7%         N/A       5%          2
 Call Imp                 Summ           6%         N/A       6%          2
 Sublimation of Blood     Necr           6%         N/A       6%          2
 Fulminant Prism          Conj/Hex       11%        3d9       9%          4
 Iskenderun's Mystic Bla  Conj/Tloc      22%        2d6       9%          4
 Spider Form              Tmut/Pois      6%         N/A       12%         3
 Petrify                  Tmut/Erth      18%        N/A       12%         4
 Lightning Bolt           Conj/Air       11%        1d24      22%         5
 Maxwell's Capacitive Co  Air            3%         ∞         100%        8


Dungeon Overview and Level Annotations

Branches:
Dungeon (7/15)             Temple (1/1) D:7           Sewer (visited)

Altars:
Ashenzari
Cheibriados
Dithmenos
Fedhas
Gozag
Hepliaklqana
Makhleb
Nemelex Xobeh
Okawaru
Qazlal
Ru
Sif Muna
Uskayaw
Vehumet
Wu Jian
Yredelemnul

Shops:
D:7 *

Annotations:
D:5 2 transporters


Innate Abilities, Weirdness & Mutations

You have very sharp fingernails.
You may rarely emit foul miasma when damaged in melee.
When seriously injured, your blood forms armour. (AC +6)
Spells you cast may paralyse nearby enemies.


Message History

Vehumet accepts your kill.
Things that are here:
a +3 hand axe; a +0 chain mail; an orc corpse
Found 12 gold pieces and a ring mail.
You now have 160 gold pieces (gained 12).
A cyclops comes into view.
The cyclops shouts!
Aiming: Sandblast (safe; 1% risk of failure)
Press: ? - help, Q - select action, (/) - cycle Shift-Dir - straight line, f - cyclops
Aim: a cyclops, quivering large rocks (98% to hit)
The blast of sand hits the cyclops but does no damage.
Malevolent energies surge around you.
Aiming: Sandblast (safe; 1% risk of failure)
Press: ? - help, Q - select action, (/) - cycle Shift-Dir - straight line, f/p - cyclops
Aim: a cyclops, quivering large rocks (98% to hit)
The blast of sand hits the cyclops.
The cyclops is lightly wounded.
Malevolent energies surge around you. The cyclops hits you!!
Your blood congeals into armour.
Aiming: Sandblast (safe; 1% risk of failure)
Press: ? - help, Q - select action, (/) - cycle Shift-Dir - straight line, f/p - cyclops
Aim: a cyclops, quivering large rocks (lightly wounded, 98% to hit)
The blast of sand hits the cyclops.
The cyclops is lightly wounded.
Malevolent energies surge around you. The cyclops hits you.
The cyclops hits you but does no damage.
Aiming: Sandblast (safe; 1% risk of failure)
Press: ? - help, Q - select action, (/) - cycle Shift-Dir - straight line, f/p - cyclops
Aim: a cyclops, quivering large rocks (lightly wounded, 98% to hit)
The blast of sand hits the cyclops!
The cyclops is moderately wounded.
Malevolent energies surge around you. The cyclops hits you!!
* * * LOW HITPOINT WARNING * * *
Okay, then.
Okay, then.
Okay, then.
You feel yourself speed up. The cyclops hits you!!
You die...

##############
#######............#
.........#########.#
######..#### #.#
#..@C....######.####
#.##.#..............
# .............####
#...##.#......#
#...# .####...#
#...# # #...# .....
...[# ..# .....#
......


You could see a cyclops.

Vanquished Creatures
  Pikel (D:5)
  2 ogres
  2 centaurs
  A phantom (D:6)
  2 necrophages (D:6)
  A scorpion (D:4)
  4 hounds
  3 jellies (Sewer)
  Natasha (thrice) (D:2)
  4 orc wizards
  2 iguanas
  Robin (D:4)
  5 adders
  3 gnolls (D:3)
  2 river rats (Sewer)
  A white imp (D:6)
  3 ufetubi
  5 dart slugs
  6 worms
  12 orcs
  14 endoplasms
  8 giant cockroaches
  14 goblins
  12 hobgoblins
  4 jackals (D:2)
  13 kobolds
  7 quokkas
  14 ball pythons
  5 bats
  6 frilled lizards
  5 rats
165 creatures vanquished.

Vanquished Creatures (others)
  3 withered plants (D:6)
3 creatures vanquished.

Grand Total: 168 creatures vanquished

Notes
Turn   | Place    | Note
-------+----------+-------------------------------------------
     0 | D:1      | quixfox the Demonspawn Conjurer began the quest for the
                  | Orb.
     0 | D:1      | Reached XP level 1. HP: 13/13 MP: 3/3
   702 | D:1      | Gained mutation: You may rarely emit foul miasma when
                  | damaged in melee. [demonic ancestry]
   702 | D:1      | Reached XP level 2. HP: 19/19 MP: 1/5
  1544 | D:2      | Gained mutation: You have sharp fingernails. [demonic
                  | ancestry]
  1544 | D:2      | Reached XP level 3. HP: 24/24 MP: 4/6
  1579 | D:2      | Identified the +12 dagger "Kec Qour" {protect, Fragile
                  | rCorr Dex+3}
  1935 | D:2      | Learned a level 1 spell: Sandblast
  2429 | D:2      | Noticed Natasha
  2437 | D:2      | Killed Natasha
  2438 | D:2      | Gained mutation: Spells you cast may paralyse adjacent
                  | enemies. [demonic ancestry]
  2438 | D:2      | Reached XP level 4. HP: 19/30 MP: 0/8
  2559 | D:2      | Noticed Natasha
  2791 | D:2      | Killed Natasha
  2792 | D:2      | Reached skill level 1 in Earth Magic
  2795 | D:2      | Noticed Natasha
  2805 | D:2      | Killed Natasha
  3165 | D:2      | Gained mutation: When seriously injured, your blood forms
                  | armour. (AC +6) [demonic ancestry]
  3165 | D:2      | Reached XP level 5. HP: 35/35 MP: 7/9
  3510 | D:3      | Reached skill level 5 in Conjurations
  3869 | D:3      | Found a faded altar of an unknown god.
  4657 | D:4      | Found a sparkling altar of Nemelex Xobeh.
  4981 | D:4      | Noticed an ogre
  5106 | D:4      | Gained mutation: Spells you cast may paralyse nearby
                  | enemies. [demonic ancestry]
  5106 | D:4      | Reached XP level 6. HP: 41/41 MP: 7/11
  5356 | D:4      | Noticed Robin
  5365 | D:4      | Killed Robin
  5847 | D:4      | Found a broken altar of Ashenzari.
  6010 | D:4      | Gained mutation: You have very sharp fingernails. [demonic
                  | ancestry]
  6010 | D:4      | Reached XP level 7. HP: 37/46 MP: 5/13
  6155 | D:5      | Entered Level 5 of the Dungeon
  6389 | D:5      | Noticed Pikel
  6407 | D:5      | Killed Pikel
  6408 | D:5      | Reached skill level 5 in Spellcasting
  6408 | D:5      | Reached skill level 6 in Conjurations
  6408 | D:5      | Reached XP level 8. HP: 29/52 MP: 5/15
  6519 | D:5      | Found a glowing drain.
  6547 | Sewer    | Entered a sewer
  6835 | Sewer    | Found a viscous altar of Jiyva.
  6970 | D:5      | Reached skill level 7 in Conjurations
  7267 | D:5      | Found a transporter.
  7528 | D:5      | Found a transporter.
  7717 | D:6      | Found a basalt altar of Yredelemnul.
  7740 | D:6      | Reached skill level 1 in Fighting
  8135 | D:6      | Reached skill level 5 in Earth Magic
  8440 | D:6      | Learned a level 5 spell: Irradiate
  8583 | D:7      | Found Aduzaph's Assorted Antiques.
  8587 | D:7      | Bought a dark potion for 19 gold pieces
  8587 | D:7      | Bought a scroll labelled IMECOF DORYMME for 22 gold pieces
  8587 | D:7      | Bought a large granite ring for 110 gold pieces
  8587 | D:7      | Bought a scroll of teleportation for 66 gold pieces
  8587 | D:7      | Bought a scroll labelled LIASAM PIAHILY for 22 gold pieces
  8593 | D:7      | Identified the +0 ring mail of Xucwomyaqeo {rElec rPois
                  | Will+ SInv}
  8684 | D:7      | Found a staircase to the Ecumenical Temple.
  8690 | Temple   | Entered the Ecumenical Temple
  8895 | Temple   | Became a worshipper of Vehumet
  8970 | D:7      | Noticed a cyclops
  8976 | D:7      | Mangled by a cyclops

Illustrated notes

Levels and vault maps discovered:
D:1:      minmay_arrival_split_and_join, layout_basic
D:2:      layout_loops_ring, serial_co_window_serial, co_window_corner_a,
          co_window_of_opportunity_a, co_window_paths_a, co_window_paths_b,
          co_window_corner_a, co_window_corner_ca, co_window_of_opportunity_b,
          co_window_broadway_c, co_window_2corner, co_window_corner_b,
          co_window_unsneaky_path_a, co_window_4corner_a, glass_columns_a,
          glass_columns_c, glass_columns_a, mrwooster_statue_mirror,
          hangedman_feature_mirror, uniq_natasha
D:3:      layout_basic, ebering_ecumenical_altar_rust, minmay_misc_feat_rows
D:4:      layout_basic, nemelex_xobeh_ov_fountains_minmay,
          cheibrodos_ashenzari_chains, uniq_robin
D:5:      gammafunk_cloud_chamber, layout_loops_corners,
          cheibrodos_sewer_entry_drain, uniq_pikel
D:6:      layout_rooms, tso_oasis_becter, yredelemnul_altar_generic,
          serial_glass, glass_columns_a, glass_columns_b, minmay_starry_boxes
D:7:      layout_loops_ring, lemuel_zombie_altar_kikubaaqudgha,
          minmay_temple_entry_trees, serial_shops, nicolae_stop_n_shop_1,
          grunt_ministairs_13, nicolae_underground_beach,
          uniq_crazy_yiuf_cottage
Temple:   dpeg_chambers_temple

Skill      XL: |  1  2  3  4  5  6  7  8 |
---------------+-------------------------+-----
Dodging        | 2 |  2.2
Spellcasting   | 3 4 5 6 |  6.2
Earth Magic    | 1 2 3 4 5 |  5.2
Conjurations   | 5 6 7 |  7.5
Fighting       | 2 |  2.6
Armour         | |  0.1
Stealth        | |  1.7
Transmutations | |  0.2

Action                   |  1- 3 |  4- 6 |  7- 9 || total
-------------------------+-------+-------+-------++-------
Melee: Dagger            |     1 |    20 |    19 ||    40
 Cast: Magic Dart        |    91 |   164 |    20 ||   275
       Sandblast         |       |       |    73 ||    73
  Use: Scroll            |       |     8 |     6 ||    14
       Potion            |       |       |     1 ||     1
 Stab: Paralysed         |       |    14 |    13 ||    27
Armor: Robe              |     5 |     7 |       ||    12
       Animal skin       |       |       |    17 ||    17
Dodge: Dodged            |    15 |    31 |    21 ||    67

Table legend: (Time is in decaauts)
 A = Elapsed time spent in this place.
 B = Non-inter-level travel time spent in this place.
 C = Inter-level travel time spent in this place.
 D = Time resting spent in this place.
 E = Time spent auto-exploring this place.
 F = Levels seen in this place.
 G = Mean time per level.
                   A        B        C        D        E       F      G
               +--------+--------+--------+--------+--------+-----+--------+
         Total |   9100 |   8731 |    369 |   2598 |   3215 |   9 | 1011.1 |
       Dungeon |   8475 |   8106 |    369 |   2466 |   3047 |   7 | 1210.7 |
        Temple |    228 |    228 |      0 |      0 |    145 |   1 |  228.0 |
         Sewer |    397 |    397 |      0 |    132 |     23 |   1 |  397.0 |
               +--------+--------+--------+--------+--------+-----+--------+

Top non-repeatable levels by time:
     D:2: 1926 daAuts
     D:3: 1630 daAuts
     D:1: 1541 daAuts
     D:5: 1188 daAuts
     D:4: 1117 daAuts
     D:6: 899 daAuts
   Sewer: 397 daAuts
  Temple: 228 daAuts
     D:7: 171 daAuts
